 Dungeon Crawl Stone Soup version 0.29-a0-233-g1125b37a9b (webtiles) character file.

Game seed: 2192447148909107919

23 Strat the Charlatan (level 2, 0/12 HPs)
             Began as a Felid Wanderer on Mar 1, 2022.
             Slain by an adder (3 damage)
             ... on level 2 of the Dungeon.
             The game lasted 00:03:48 (2097 turns).

Strat the Charlatan (Felid Wanderer)                Turns: 2097, Time: 00:03:48

Health: 0/12       AC:  1    Str:  9    XL:     2   Next: 75%
Magic:  0/4        EV: 15    Int: 13    God:
Gold:   61         SH:  0    Dex: 14    Spells: 1/3 levels left
                                        Lives:  0   Deaths: 0

rFire   . . .      SeeInvis +     - Unarmed
rCold   . . .      Faith    .   (shield unavailable)
rNeg    . . .      Spirit   .   (body armour unavailable)
rPois   .          Reflect  .   (helmet unavailable)
rElec   .          Harm     .   (cloak unavailable)
rCorr   .          Rampage  .   (gloves unavailable)
Will    .....                   (boots unavailable)
Stlth   ++........              (no amulet)
HPRegen 0.04/turn               (no ring)
MPRegen 0.09/turn               (no ring)

@: lethally poisoned (0 -> -3), very slightly contaminated, quick
A: very small, claws 1, fangs 3, see invisible, speed 1, shaggy fur 1, stealthy
paws, no weapons or thrown items, no armour, multi-lived
a: no special abilities


You were on level 2 of the Dungeon.
You visited 1 branch of the dungeon, and saw 2 of its levels.

You collected 61 gold pieces.

Inventory:

Scrolls
 b - a scroll of magic mapping {unknown}
 f - 3 scrolls of enchant armour {unknown}
Potions
 c - a potion of curing {unknown}
 d - a potion of haste {unknown}
 e - a potion of degeneration {unknown}
Miscellaneous
 a - a piece from Xom's chessboard (15/15) (quivered)


   Skills:
 + Level 1.2 Fighting
 + Level 2.0 Stealth
 + Level 1.2 Unarmed Combat
 - Level 1.0 Spellcasting
 - Level 3.0 Translocations
 - Level 2.6 Ice Magic
 - Level 4.3 Evocations


You had one spell level left.
You knew the following spells:

 Your Spells              Type           Power      Damage    Failure   Level
a - Apportation           Tloc           16%        N/A       9%          1
b - Freeze                Ice            28%        1d5       10%         1

Your spell library contained the following spells:

 Spells                   Type           Power      Damage    Failure   Level
 Lesser Beckoning         Tloc           8%         N/A       24%         3
 Teleport Other           Tloc           8%         N/A       24%         3
 Ozocubu's Armour         Ice            7%         N/A       28%         3


Dungeon Overview and Level Annotations

Branches:
Dungeon (2/15)

Altars:

Annotations:
D:2 Jessica


Innate Abilities, Weirdness & Mutations

You have sharp claws.
You have razor-sharp teeth.
You have supernaturally acute eyesight. (SInv)
You cover ground quickly. (Speed+)
You are covered in fur. (AC +1)
Your paws help you pounce on unaware monsters.
You are incapable of wielding weapons or throwing items.
You cannot wear armour.
You gain extra lives every three experience levels.


Message History

Aim: an adder You freeze the adder.
The adder is lightly wounded.
The adder seems to slow down.
The adder misses you.
Casting: Freeze (safe; 10% risk of failure)
Confirm with . or Enter, or press ? or * to list all spells.
Aiming: Freeze (safe; 10% risk of failure)
Press: ? - help, Shift-Dir - straight line, f/p - adder
Aim: an adder (lightly wounded, slow)
You freeze the adder.
The adder is moderately wounded.
The adder is no longer moving slowly.
The adder closely misses you.
Casting: Freeze (safe; 10% risk of failure)
Confirm with . or Enter, or press ? or * to list all spells.
Aiming: Freeze (safe; 10% risk of failure)
Press: ? - help, Shift-Dir - straight line, f/p - adder
Aim: an adder (moderately wounded)
You freeze the adder.
The adder is almost dead.
The adder bites you.
You are poisoned.
The adder poisons you!
Casting: Freeze (safe; 10% risk of failure)
Confirm with . or Enter, or press ? or * to list all spells.
Aiming: Freeze (safe; 10% risk of failure)
Press: ? - help, Shift-Dir - straight line, f/p - adder
Aim: an adder (almost dead)
You miscast Freeze.
You are very lightly contaminated with residual magic.
Nothing appears to happen.
You feel sick. The adder bites you.
* * * LOW HITPOINT WARNING * * *
Casting: Freeze (safe; 10% risk of failure)
Confirm with . or Enter, or press ? or * to list all spells.
You don't have enough magic to cast this spell.
Unknown command.
You scratch the adder but do no damage.
The adder is almost dead.
* * * LOW HITPOINT WARNING * * *
You feel sick. The adder barely misses you. The adder bites you.
You die...

######## .......#
######### ...###.#
#.......####
#..###.###.#####@...#
...............S..#.#
.......###.#####....#
..(###.# #... ..#.##
.......# ##### ###.#
..##.#.# .. ..##.#.#
## #......# .###.#...


You could see an adder.

Vanquished Creatures
  A ball python (D:1)
  An endoplasm (D:2)
  5 goblins (D:1)
  3 hobgoblins (D:1)
  5 jackals (D:1)
  A quokka (D:1)
  A bat (D:1)
  A frilled lizard (D:1)
18 creatures vanquished.

Notes
Turn   | Place    | Note
-------+----------+-------------------------------------------
     0 | D:1      | Strat the Felid Wanderer began the quest for the Orb.
     0 | D:1      | Strat set off with the following items: a piece from Xom's
                  | chessboard (15/15); and the following spells available to
                  | memorise: Apportation, Freeze, Lesser Beckoning, Teleport
                  | Other, Ozocubu's Armour
     0 | D:1      | Reached XP level 1. HP: 7/7 MP: 3/3
     2 | D:1      | Learned a level 1 spell: Apportation
     4 | D:1      | Learned a level 1 spell: Freeze
   323 | D:1      | Reached skill level 1 in Stealth
   503 | D:1      | Reached XP level 2. HP: 10/12 MP: 4/4
   673 | D:1      | Reached skill level 1 in Unarmed Combat
   811 | D:1      | Reached skill level 1 in Fighting
  1600 | D:2      | Noticed Jessica
  2097 | D:2      | Slain by an adder

Illustrated notes

Levels and vault maps discovered:
D:1:      lemuel_arrival_rhombus, layout_basic
D:2:      layout_loops_cross, hex_medium, minivault_26, uniq_jessica

Skill      XL: |  1  2 |
---------------+-------+-----
Stealth        | 1 2 |  2.0
Unarmed Combat | 1 |  1.2
Fighting       | 1 |  1.2
Spellcasting   | |  1.0
Translocations | |  3.0
Ice Magic      | |  2.6
Evocations     | |  4.3

Action                   || total
-------------------------++-------
Melee: Unarmed           ||    41
       Bite              ||     4
       Punch             ||     1
 Cast: Freeze            ||    20
       Apportation       ||     1
 Stab: Sleeping          ||     2
Armor: Skin              ||     9
Dodge: Dodged            ||    52

Table legend: (Time is in decaauts)
 A = Elapsed time spent in this place.
 B = Non-inter-level travel time spent in this place.
 C = Inter-level travel time spent in this place.
 D = Time resting spent in this place.
 E = Time spent auto-exploring this place.
 F = Levels seen in this place.
 G = Mean time per level.
                   A        B        C        D        E       F      G
               +--------+--------+--------+--------+--------+-----+--------+
         Total |   1836 |   1728 |    108 |    671 |    700 |   2 |  918.0 |
       Dungeon |   1836 |   1728 |    108 |    671 |    700 |   2 |  918.0 |
               +--------+--------+--------+--------+--------+-----+--------+

Top non-repeatable levels by time:
     D:1: 1689 daAuts
     D:2: 147 daAuts
